 Dungeon Crawl Stone Soup version 0.31-a0-960-g0fca184906 (webtiles) character file.

Game seed: 10926494275788094520

303 AIAndy the Ruffian (level 6, -2/38 HPs)
             Began as an Octopode Shapeshifter on Oct 23, 2023.
             Was an Initiate of Hepliaklqana.
             Slain by a gnoll
             ... wielding a +0 spear
             ... led by a gnoll bouda
              (8 damage)
             ... on level 4 of the Dungeon.
             The game lasted 00:06:05 (2808 turns).

AIAndy the Ruffian (Octopode Shapeshifter)          Turns: 2808, Time: 00:06:06

Health: -2/38      AC:  1    Str: 15    XL:     6   Next: 38%
Magic:  6/6        EV: 13    Int: 12    God:    Hepliaklqana [......]
Gold:   128        SH:  0    Dex: 12    Spells: 5/5 levels left

rFire   . .          .
                       - Unarmed
rCold   . . .        (no shield)
rNeg    . . .        (helmet currently unavailable)
rPois   .            (no amulet)
rElec   .            l - ring of willpower
rCorr   .            (no ring)
SInv    .            (no ring)
Will    +....        (no ring)
Stlth   ++           (no ring)
HPRegen 0.26/turn    (no ring)
MPRegen 0.10/turn    (no ring)
                     (no ring)

%: no passive effects
@: lethally poisoned (-2 -> -5), beast-form
A: beast (slay +2), almost no armour, amphibious, 8 rings, camouflage 1,
gelatinous body 1, (nimble swimmer 1), tentacles
a: Begin Untransformation, Renounce Religion


You were on level 4 of the Dungeon.
You worshipped Hepliaklqana.
Hepliaklqana was noncommittal.
You were a hulking beast.
You visited 1 branch of the dungeon, and saw 4 of its levels.

You collected 128 gold pieces.


Innate Abilities, Weirdness & Mutations

You are a hulking beast.
Your limbs bulge with bestial killing power. (Slay +2)
You cannot wear most types of armour.
You are amphibious.
You can wear up to eight rings at the same time.
Your skin changes colour to match your surroundings (Stealth+).
Your rubbery body absorbs attacks. (AC +1, EV +1)
((You are camouflaged when in or above water. (Stealth+)))
You have tentacles for arms and can constrict up to eight enemies at once.


   Skills:
 - Level 1.0 Fighting
 - Level 2.0 Dodging
 + Level 5.3 Unarmed Combat
 + Level 5.0 Shapeshifting


You had 5 spell levels left.
You didn't know any spells.
Your spell library was empty.

Inventory:

Hand Weapons
 i - a +1 dagger of venom
Magical Staves
 e - a staff of fire
 t - a staff of conjuration {!a}
Jewellery
 l - a ring of willpower (left tentacle)
Talismans
 b - a beast talisman
 c - a flux talisman
Scrolls
 g - a scroll of poison {unknown}
 h - 2 scrolls of vulnerability {unknown}
 j - 2 scrolls of identify {unknown}
 m - a scroll of summoning {unknown}
 p - a scroll of blinking {unknown}
 q - a scroll of fear {unknown}
 s - a scroll of amnesia {unknown}
Potions
 a - a potion of lignification {!q}
 d - a potion of haste {unknown}
 f - a potion of curing {unknown}
 k - 2 potions of resistance {unknown}
 n - a potion of cancellation {unknown}
 o - a potion of enlightenment {unknown}
 r - a potion of berserk rage {unknown}
 u - a potion of mutation {unknown}

Dungeon Overview and Level Annotations

Branches:
Dungeon (4/15)
 Temple: D:4-7

Altars:
Ashenzari
Hepliaklqana

Annotations:
D:3 2 transporters, pzskc383's ghost, amateur GrGl

###############
##.▓.▓.▓.▓.▓.▓.#
#.▓...▓...▓...▓
######▓.▓.▓.▓.▓.▓.▓
##..##....▓...▓..)▓
.#.....▓.▓.▓.▓.▓h▓.▓
.#.⚑....▓...▓...▓g..▓
.#.....▓.▓.▓.▓.▓.▓g▓.▓
.#..#.....▓...▓...▓..
.####..▓.▓.▓.▓.▓.▓.▓.▓
....)...▓...▓... ▓.#
.......▓.▓.▓.▓. ▓#
..........▓[..
.......▓.▓.▓


You could see 2 gnolls.


Message History

You bludgeon the gnoll bouda!
You squeeze the gnoll bouda, but do no damage.
The gnoll bouda is severely wounded.
You constrict the gnoll bouda.
The gnoll hits you from afar with a +0 spear.
The gnoll bouda hits you with a +0 whip of venom!
You are poisoned.
The gnoll closely misses you.
You tentacle-slap the gnoll bouda.
You kill the gnoll bouda!
You feel very sick.
The gnoll hits you from afar with a +0 spear!
* * * LOW HITPOINT WARNING * * *
Your Shapeshifting skill increases to level 5!
You tentacle-slap the gnoll. Your grab misses the gnoll.
You squeeze the gnoll, but do no damage.
The gnoll is heavily wounded.
You feel sick. The gnoll closely misses you. x2
A gnoll comes into view. It is wielding a +0 spear.
The gnoll shouts!
You tentacle-slap the gnoll. Your grab misses the gnoll.
The gnoll is severely wounded.
You feel sick. The gnoll misses you.
The gnoll hits you from afar with a +0 spear!
* * * LOW HITPOINT WARNING * * *
The gnoll barely misses you.
You bludgeon the gnoll!
You kill the gnoll!
You feel sick. The gnoll barely misses you. The gnoll hits you with a +0 spear!
You die...

Skill      XL: |  1  2  3  4  5  6 |
---------------+-------------------+-----
Unarmed Combat | 4 5 |  5.3
Shapeshifting  | 4 5 |  5.0
Fighting       | |  1.0
Dodging        | |  2.0

Action                     |  1- 3 |  4- 6 || total
---------------------------+-------+-------++-------
  Melee: Unarmed           |    84 |    82 ||   166
         Constrict         |    21 |    14 ||    35
         Tentacles         |    12 |    16 ||    28
         Punch             |     2 |     3 ||     5
   Stab: Sleeping          |     8 |     4 ||    12
         Distracted        |       |     1 ||     1
 Armour: Skin              |    36 |    27 ||    63
  Dodge: Dodged            |    30 |    48 ||    78

Levels and vault maps discovered:
D:1:      psy_arrival_fountain, layout_loops_ring
D:2:      layout_basic, chequers_jeans, kennysheep_another_room
D:3:      layout_basic, mainiacjoe_overflow_alcove_2, gammafunk_ghost_arena,
          st_stairs_1
D:4:      layout_rooms, mainiacjoe_overflow_alcove_1, kennysheep_crisscross,
          nicolae_the_louvre, uniq_sigmund

Notes
Turn   | Place    | Note
-------+----------+-------------------------------------------
     0 | D:1      | AIAndy the Octopode Shapeshifter began the quest for the
                  | Orb.
     0 | D:1      | Reached XP level 1. HP: 13/13 MP: 1/1
   162 | D:1      | Reached XP level 2. HP: 17/18 MP: 2/2
   740 | D:2      | Reached XP level 3. HP: 17/23 MP: 3/3
  1643 | D:3      | Reached XP level 4. HP: 28/28 MP: 4/4
  1679 | D:3      | Reached skill level 4 in Unarmed Combat
  1774 | D:3      | Reached skill level 4 in Shapeshifting
  1944 | D:3      | Found a broken altar of Ashenzari.
  2297 | D:3      | Noticed pzskc383's ghost (amateur GrGl)
  2301 | D:3      | Found a transporter.
  2309 | D:3      | Found a transporter.
  2484 | D:4      | Reached XP level 5. HP: 31/33 MP: 5/5
  2544 | D:4      | Noticed a phantom
  2687 | D:4      | Killed a phantom
  2688 | D:4      | Reached skill level 5 in Unarmed Combat
  2688 | D:4      | Reached XP level 6. HP: 24/38 MP: 6/6
  2763 | D:4      | Found a hazy altar of Hepliaklqana.
  2777 | D:4      | Became a worshipper of Hepliaklqana the Forgotten
  2806 | D:4      | Reached skill level 5 in Shapeshifting
  2808 | D:4      | Slain by a gnoll

Vanquished Creatures
  A phantom (D:4)
  A scorpion (D:4)
  A gnoll bouda (D:4)
  5 gnolls
  An adder (D:4)
  3 worms (D:2)
  A dart slug (D:2)
  4 orcs (D:3)
  7 endoplasms
  4 giant cockroaches
  8 goblins
  8 hobgoblins
  2 jackals (D:3)
  2 quokkas (D:4)
  4 ball pythons
  3 bats
  6 frilled lizards
  12 kobolds
  4 rats
77 creatures vanquished.

Table legend: (Time is in decaauts)
 A = Elapsed time spent in this place.
 B = Non-inter-level travel time spent in this place.
 C = Inter-level travel time spent in this place.
 D = Time resting spent in this place.
 E = Time spent auto-exploring this place.
 F = Levels seen in this place.
 G = Mean time per level.
                   A        B        C        D        E       F      G
               +--------+--------+--------+--------+--------+-----+--------+
         Total |   2795 |   2700 |     95 |    223 |   1919 |   4 |  698.8 |
       Dungeon |   2795 |   2700 |     95 |    223 |   1919 |   4 |  698.8 |
               +--------+--------+--------+--------+--------+-----+--------+

Top non-repeatable levels by time:
     D:3: 1031 daAuts
     D:2: 781 daAuts
     D:1: 732 daAuts
     D:4: 250 daAuts

Table legend:
 A = Non-vault XP
 B = Vault XP
 C = Vault XP percentage of total XP
 D = Non-vault monster count
 E = Vault monster count
 F = Vault count percentage of total count
                 A         B        C        D         E       F
            +---------+---------+-------+---------+---------+-------
      Total |     443 |       4 |   0.9 |      75 |       2 |   2.6
            +---------+---------+-------+---------+---------+-------
        D:1 |      31 |       0 |   0.0 |      19 |       0 |   0.0
        D:2 |      48 |       0 |   0.0 |      22 |       0 |   0.0
        D:3 |      81 |       4 |   4.7 |      23 |       2 |   8.0
        D:4 |     283 |       0 |   0.0 |      11 |       0 |   0.0
            +---------+---------+-------+---------+---------+-------
